AoeStats
← Tetsu.Japan

African Clearing

506075580Analyzed
4v4 RM · 21d ago on Sep 12, 2026· 34m 55s· 8 players
Game mode
Random Map
Map size
Large (8 player)
Population
200
Speed
Normal
Resources
Standard
Victory
Conquest
Starting age
Dark Age
Ending age
Imperial Age
RankedLock teamsTeams togetherTeam positionsShared explorationLock speedFull tech treeHidden civsTurbo modeCheats
Victory
Defeat
🇨🇿 Turks · Czechia
1419
+12
🇭🇰 Spanish · Hong Kong SAR China
1404
+12
🇯🇵 Huns · Japan
1402
+12
🇨🇳 Vietnamese · China
1401
+12
🇨🇳 Hindustanis · China
1353
-13
🇨🇳 Wei · China
1343
-13
🇨🇳 Mongols · China
1295
-11
🇯🇵 Persians · Japan
1295
-11
冰凝
12:31 Loom
14:16 Feudal Age
18:17 Castle Age
16:32 Double-Bit Axe
18:54 Fletching
19:03 Gold Mining
19:06 Horse Collar
20:27 Bodkin Arrow
28:08 Padded Archer Armor
30:56 Wheelbarrow
Tetsu.Japan
10:14 Loom
13:18 Feudal Age
14:40 Double-Bit Axe
20:05 Town Watch
24:12 Castle Age
27:46 Scale Barding Armor
biubiu
16:12 Feudal Age
18:06 Loom
21:03 Castle Age
19:09 Double-Bit Axe
19:35 Fishing Lines
24:39 Bow Saw
25:03 Gillnets
25:50 Stone Mining
27:29 Fletching
27:10 Elite Skirmisher
28:15 Bodkin Arrow
29:42 Horse Collar
31:12 Gold Mining
32:58 Stone Shaft Mining
32:59 Gold Shaft Mining
33:36 Ballistics
34:03 Padded Archer Armor
36:40 Imperial Age
33:58 Town Watch
Doomsday
5:21 Loom
11:50 Feudal Age
12:37 Double-Bit Axe
15:41 Fletching
19:45 Padded Archer Armor
咚哩个咚
13:22 Feudal Age
12:58 Loom
14:38 Double-Bit Axe
17:07 Fishing Lines
20:34 Castle Age
20:02 Gold Mining
20:03 Stone Mining
20:54 Horse Collar
21:26 Bow Saw
21:35 Gillnets
22:12 Heavy Plow
25:17 Fletching
26:05 Padded Archer Armor
25:59 Gold Mining
26:45 Stone Shaft Mining
27:09 Wheelbarrow
27:31 Bodkin Arrow
29:18 Leather Archer Armor
29:46 Thumb Ring
31:36 Ballistics
35:06 Imperial Age
34:02 Hand Cart
609170940
11:02 Loom
13:15 Feudal Age
17:38 Castle Age
18:46 Padded Archer Armor
19:42 Leather Archer Armor
27:16 Double-Bit Axe
32:21 Bow Saw
32:14 Horse Collar
34:56 Wheelbarrow
Jurydas
12:34 Feudal Age
14:34 Double-Bit Axe
15:10 Scale Barding Armor
20:17 Bloodlines
20:35 Loom
22:55 Forging
28:12 Castle Age
29:19 Chain Barding Armor
29:22 Husbandry
35:32 Imperial Age
33:39 Bow Saw
PeterWong1988
6:14 Loom
14:49 Feudal Age
17:06 Double-Bit Axe
19:52 Castle Age
17:44 Fletching
19:49 Padded Archer Armor
19:43 Fishing Lines
20:32 Bodkin Arrow
22:26 Husbandry
26:49 Bloodlines
27:15 Thumb Ring
31:44 Ballistics
34:49 Leather Archer Armor
Connection lost

Rejoining the realm…

Still unreachable

The connection could not be restored.

Session expired

The server has moved on; the page needs a fresh start.